 Dungeon Crawl Stone Soup version 0.20.1-1-g8b1a95d (webtiles) character file.

318 Irenicus the Slasher (level 6, 0/70 HPs)
             Began as a Formicid Monk on Nov 18, 2017.
             Was a Believer of Cheibriados.
             Slain by an ogre
             ... wielding a +0 giant club
              (11 damage)
             ... on level 4 of the Dungeon.
             The game lasted 00:14:17 (2018 turns).

Irenicus the Slasher (Formicid Monk)                Turns: 2018, Time: 00:14:17

Health: 0/70       AC: 23    Str: 18 (21) XL:     6   Next: 74%
Magic:  2/6        EV:  2    Int: 16 (19) God:    Cheibriados [**....]
Gold:   175        SH:  5    Dex: 20      Spells: 5/5 levels left

rFire    . . .     SeeInvis .   a - +0 falchion
rCold    . . .     Gourm    .   m - +0 buckler
rNeg     + + +     Faith    .   (armour currently unavailable)
rPois    +         Spirit   .   (helmet unavailable)
rElec    .         Reflect  .   (cloak currently unavailable)
rCorr    .         Harm     .   (gloves currently unavailable)
MR       .....                  (boots currently unavailable)
Stlth    ++........             (no amulet)
Regen    0.3/turn               f - ring of positive energy
MPRegen  0.1/turn               (no ring)

@: brilliant, tree-form, very slow
A: permanent stasis, dig shafts and tunnels, four strong arms
a: Bend Time, Renounce Religion


You were on level 4 of the Dungeon.
You worshipped Cheibriados.
Cheibriados was pleased with you.
You were full.
You were a tree.
You visited 1 branch of the dungeon, and saw 4 of its levels.

You collected 175 gold pieces.

Inventory:

Hand Weapons
 a - a +0 falchion (weapon)
Armour
 l - a +0 leather armour (melded)
 m - a +0 buckler (worn)
 s - a cursed +0 scale mail
Jewellery
 f - a ring of positive energy (left branch)
Scrolls
 b - a scroll of amnesia {unknown}
 e - 4 scrolls of identify {unknown}
 g - a scroll of teleportation {unknown}
 h - a scroll of remove curse {unknown}
 i - 2 scrolls of magic mapping {unknown}
 j - a scroll of recharging {unknown}
 k - a scroll of blinking {unknown}
 r - a scroll of enchant weapon {unknown}
Potions
 q - a potion of lignification
Books
 n - a book of Maledictions

   Spells                             Type                      Level
   a - Corona                         Hexes                        1
   b - Ensorcelled Hibernation        Hexes/Ice                    2
   c - Confuse                        Hexes                        3
   d - Tukima's Dance                 Hexes                        3
   e - Dazzling Spray                 Conjuration/Hexes            3
Comestibles
 c - 2 royal jellies
 p - a bread ration


   Skills:
 - Level 3.2 Fighting
 + Level 6.4 Long Blades
 - Level 2.6 Dodging
 - Level 2.4 Stealth
 - Level 3.1 Shields


You had 5 spell levels left.
You didn't know any spells.

Dungeon Overview and Level Annotations

Branches:
Dungeon (4/15)
 Temple: D:4-7

Altars:
Cheibriados
Ru
Trog
The Shining One


Innate Abilities, Weirdness & Mutations

You cannot be hasted, slowed, berserked, paralysed or teleported.
You can dig through walls and to a lower floor.
Your four strong arms can wield two-handed weapons with a shield.
((You have a pair of large antennae on your head. (SInv)))


Message History

Drop what? 19/52 slots (_ for help) (? for menu, Esc to quit)
You drop 2 potions of degeneration.
Found a scroll labeled BATUQA MUAKKO.
There is an open door here.
Okay, then.
An ogre comes into view. It is wielding a giant club.
The ogre shouts!
The flow of time bends around you.
The ogre resists with some effort.
You feel slightly less full. The ogre closely misses you.
You don't have enough magic at the moment.
It was a potion of brilliance.
You feel clever all of a sudden.
It was a potion of lignification.
You turn into a tree.
Your +0 leather armour melds into your body.
Your roots penetrate the ground.
The ogre hits you with a giant club.
* * * LOW HITPOINT WARNING * * *
You slash the ogre!
The ogre is moderately wounded.
The ogre hits you with a giant club!
You die...

.#.≈# #..............#
..#≈# #..............#
..#######..............#
.)# #.................#
..# #.###########.##.##
..## #.# ####.%.....#
#.)###.# #..........#
#)).##.######....O.?..##
#..#.#...##.'...♣.......
..##..!.....#.........##
..##.###.#..#.........#
.###.# #.#..#......?..#
.# #.# #.#..#.........#
.# #.# #.#.###########..
.# #.# #.#.# . ##
#.###.#.# #.#...#.#


You could see an ogre.

Vanquished Creatures
  A big kobold (D:4)
  Jessica (D:2)
  Terence (D:2)
  2 worker ants (D:4)
  5 adders
  3 oozes
  2 worms (D:2)
  4 leopard geckos
  3 orcs (D:4)
  5 bats
  6 giant cockroaches
  13 goblins
  6 hobgoblins
  3 jackals (D:4)
  A quokka (D:3)
  3 frilled lizards
  14 kobolds
  7 rats
80 creatures vanquished.

Notes
Turn   | Place    | Note
-------+----------+-------------------------------------------
     0 | D:1      | Irenicus the Formicid Monk began the quest for the Orb.
     0 | D:1      | Reached XP level 1. HP: 18/18 MP: 1/1
    14 | D:1      | Reached XP level 2. HP: 17/24 MP: 2/2
   243 | D:1      | Reached skill level 4 in Long Blades
   243 | D:1      | Reached XP level 3. HP: 23/29 MP: 3/3
   444 | D:2      | Noticed Jessica
   473 | D:2      | Killed Jessica
   473 | D:2      | Reached XP level 4. HP: 17/35 MP: 4/4
   613 | D:2      | Reached skill level 5 in Long Blades
   717 | D:2      | Noticed Terence
   722 | D:2      | Killed Terence
   722 | D:2      | Reached XP level 5. HP: 39/41 MP: 5/5
   895 | D:2      | Found a glowing golden altar of the Shining One.
  1020 | D:3      | HP: 2/41 [poisoned by an adder]
  1373 | D:3      | Found a bloodstained altar of Trog.
  1376 | D:3      | Found a sacrificial altar of Ru.
  1379 | D:3      | Found a snail-covered altar of Cheibriados.
  1383 | D:3      | Became a worshipper of Cheibriados the Contemplative
  1383 | D:3      | Reached * piety under Cheibriados
  1383 | D:3      | Reached ** piety under Cheibriados
  1410 | D:3      | Found a faded altar of an unknown god.
  1672 | D:4      | Reached skill level 6 in Long Blades
  1672 | D:4      | Reached skill level 1 in Shields
  1677 | D:4      | Reached XP level 6. HP: 29/47 MP: 6/6
  2013 | D:4      | Noticed an ogre
  2018 | D:4      | Slain by an ogre

Skill      XL: |  1  2  3  4  5  6 |
---------------+-------------------+-----
Long Blades    | 4 5 6 |  6.4
Shields        | 1 3 |  3.1
Fighting       | |  3.2
Dodging        | |  2.6
Stealth        | |  2.4

Action                   |  1- 3 |  4- 6 || total
-------------------------+-------+-------++-------
Melee: Falchion          |    58 |   204 ||   262
Invok: Bend Time         |       |     2 ||     2
 Abil: Dig               |     6 |    16 ||    22
  Use: Potion            |       |     8 ||     8
 Stab: Sleeping          |     2 |    12 ||    14
  Eat: Royal jelly       |     1 |       ||     1
       Bread ration      |       |     1 ||     1
       Chunk             |       |     1 ||     1
       Fruit             |       |     4 ||     4
Armor: Robe              |    10 |     5 ||    15
       Leather armour    |       |    27 ||    27
Dodge: Dodged            |    35 |   100 ||   135
Block: Buckler           |       |    22 ||    22
       Rpst.: Falchion   |    15 |    40 ||    55
